 Dungeon Crawl Stone Soup version 0.19.4-8-ga85b6b9 (webtiles) character file.

35 JeffiDaFish the Stinger (level 3, -1/19 HPs)
             Began as a Gargoyle Venom Mage on Feb 7, 2017.
             Slain by an adder (4 damage)
             ... on level 2 of the Dungeon.
             The game lasted 00:05:06 (924 turns).

JeffiDaFish the Stinger (Gargoyle Venom Mage)        Turns: 924, Time: 00:05:06

Health: -1/19      AC:  6    Str: 11    XL:     3   Next: 33%
Magic:  6/6        EV: 11    Int: 15    God:
Gold:   93         SH:  0    Dex: 11    Spells: 1 memorised, 5 levels left

rFire  . . .     SeeInvis .     e - +0 short sword (holy)
rCold  . . .     Gourm    .     j - +0 leather armour
rNeg   + . .     Faith    .     (no shield)
rPois  ∞         Spirit   .     (no helmet)
rElec  +         Reflect  .     (no cloak)
rCorr  .         Harm     .     (no gloves)
MR     .....                    (no boots)
Stlth  ++........               d - amulet of magic regeneration
                                (no ring)
                                (no ring)

@: very slightly contaminated
A: negative energy resistance 1, electricity resistance, unbreathing,
petrification resistance, rot immunity, AC +3
a: no special abilities


You were on level 2 of the Dungeon.
You were not hungry.

You visited 1 branch of the dungeon, and saw 2 of its levels.

You collected 93 gold pieces.

Inventory:

Hand Weapons
 e - a +0 short sword of holy wrath (weapon)
Armour
 j - a +0 leather armour (worn)
Jewellery
 d - an amulet of magic regeneration (around neck)
Scrolls
 a - a scroll of teleportation
Books
 b - a Young Poisoner's Handbook

   Spells                             Type                      Level
   a - Sting                          Conjuration/Poison           1
   b - Mephitic Cloud                 Conjuration/Poison/Air       3
   c - Olgreb's Toxic Radiance        Poison                       4
   d - Alistair's Intoxication        Transmutation/Poison         5
   e - Venom Bolt                     Conjuration/Poison           5
Comestibles
 c - a bread ration
 i - a beef jerky


   Skills:
 + Level 0.1 Short Blades
 + Level 1.7 Dodging
 + Level 2.4 Stealth
 + Level 2.2 Spellcasting
 + Level 4.6 Poison Magic


You had 5 spell levels left.
You knew the following spells:

 Your Spells              Type           Power        Failure   Level  Hunger
a - Sting                 Conj/Pois      #...         14%         1    #......


Dungeon Overview and Level Annotations

Branches:
Dungeon (2/15)

Altars:


Innate Abilities, Weirdness & Mutations

You are resistant to torment.
Your stone body is resilient. (AC +3)
You are immune to poison.
You resist negative energy. (rN+)
You are resistant to electric shocks. (rElec)
You can survive without breathing.
You are immune to petrification.
You are immune to rotting.


Message History

The hobgoblin is heavily wounded.
The adder closely misses you. The hobgoblin barely misses you.
A giant cockroach comes into view.
You hit the hobgoblin.
The hobgoblin is almost dead.
The adder barely misses you. The hobgoblin barely misses you.
The adder closely misses you.
You hit the hobgoblin but do no damage.
The hobgoblin is almost dead.
The adder barely misses you. The hobgoblin closely misses you.
All of the chunks of flesh in your inventory have rotted away.
You hit the hobgoblin.
You kill the hobgoblin!
The adder closely misses you.
You miss the adder.
The adder is heavily wounded.
The adder closely misses you. The adder bites you.
* * * LOW HITPOINT WARNING * * *
You closely miss the giant cockroach. The adder bites you.
You die...

..........## ...
.......$#..####>#
#$.............#
..$.............#
..............<.#
.#..............#
..###.##.###.gS##
. ... #.# ###S#
.... ... #@#
#..#.... #.s#
.... ..... ...
.....#.# .......
.# ....... ..
....... ..
...$..) ###


You could see 2 adders, a giant cockroach and a hobgoblin.

Vanquished Creatures
  2 dart slugs (D:1)
  7 bats
  2 giant cockroaches (D:1)
  4 hobgoblins
  2 jackals (D:1)
  A quokka (D:2)
  A frilled lizard (D:1)
  2 goblins (D:1)
  6 kobolds (D:1)
  3 rats (D:1)
30 creatures vanquished.

Notes
Turn   | Place    | Note
-------+----------+-------------------------------------------
     0 | D:1      | JeffiDaFish the Gargoyle Venom Mage began the quest for the Orb.
     0 | D:1      | Reached XP level 1. HP: 10/10 MP: 3/3
    94 | D:1      | Reached XP level 2. HP: 14/15 MP: 1/5
   497 | D:1      | Reached XP level 3. HP: 18/19 MP: 6/6
   924 | D:2      | Slain by an adder

Action                   || total
-------------------------++-------
Melee: Unarmed           ||     5
       Short sword       ||    60
 Cast: Sting             ||    41
  Use: Scroll            ||     4
       Potion            ||     2
  Eat: Chunk             ||     1
Armor: Robe              ||    20
       Leather armour    ||    18
Dodge: Dodged            ||    76
